AoeStats
← LaisTakara

Baltic

510614798Analyzed
2v2 RM · 1d ago on Oct 1, 2026· 43m 33s· 4 players
Game mode
Random Map
Map size
Medium (4 player)
Population
200
Speed
Normal
Resources
Standard
Victory
Conquest
Starting age
Dark Age
Ending age
Imperial Age
RankedLock teamsTeams togetherTeam positionsShared explorationLock speedFull tech treeHidden civsTurbo modeCheats
Victory
Defeat
🇮🇳 Japanese · India
540
+24
🇵🇹 Portuguese · Portugal
479
+18
🇩🇰 Maya · Denmark
525
-20
🇩🇪 Dravidians · Germany
517
-16
solid_mat21
Yax Chitam.22
13:06 Feudal Age
14:25 Wheelbarrow
13:41 Double-Bit Axe
14:00 Fishing Lines
14:18 Horse Collar
14:17 Man-at-Arms
14:43 Arson
20:33 Town Watch
25:59 Castle Age
26:37 Forging
26:21 Fletching
27:01 Hand Cart
28:02 Medium Warships
28:41 Clinker Construction
28:32 Murder Holes
28:43 Town Patrol
30:27 Iron Casting
29:58 Squires
33:22 Gillnets
34:37 Bow Saw
36:25 Pikeman
36:53 Gambesons
36:29 Long Swordsman
shaggynukes
1:19 Loom
12:48 Feudal Age
13:15 Fishing Lines
13:27 Double-Bit Axe
19:02 Gold Mining
21:56 Stone Mining
25:13 Castle Age
26:58 Wheelbarrow
26:09 Town Watch
25:58 Demolition Ship
26:49 Medium Warships
28:18 Gold Shaft Mining
29:19 Careening
29:02 Guard Tower
28:53 Treadmill Crane
30:40 Clinker Construction
30:51 Horse Collar
32:29 Ballistics
32:40 Heavy Plow
34:04 Gillnets
40:48 Imperial Age
38:33 Hand Cart
39:24 Murder Holes
38:56 Light Cavalry
39:47 Bloodlines
39:38 Husbandry
39:04 Crossbowman
39:06 Elite Skirmisher
42:16 Heavy Warships
42:56 Chemistry
42:20 Carvel Hull
LaisTakara
7:18 Loom
17:18 Feudal Age
19:19 Fishing Lines
24:03 Castle Age
24:42 Light Cavalry
25:33 Bloodlines
25:24 Husbandry
35:10 Imperial Age
33:04 Stone Mining
34:16 Wheelbarrow
33:28 Town Watch
33:34 Double-Bit Axe
33:33 Horse Collar
43:37 Bow Saw
Connection lost

Rejoining the realm…

Still unreachable

The connection could not be restored.

Session expired

The server has moved on; the page needs a fresh start.